 Dungeon Crawl Stone Soup version 0.29-a0-414-g5075937ec3 (webtiles) character file.

Game seed: 16826224526695628976

8264 quinnr the Stormcaller (level 11, -10/60 HPs)
             Began as a Tengu Air Elementalist on May 15, 2022.
             Was a Priest of Ashenzari.
             Mangled by a black mamba (19 damage)
             ... on level 1 of the Lair of Beasts.
             The game lasted 00:29:38 (16522 turns).

quinnr the Stormcaller (Tengu Air Elementalist)    Turns: 16522, Time: 00:29:38

Health: -10/60     AC:  3    Str:  8    XL:     11   Next: 28%
Magic:  12/21      EV: 22    Int: 26    God:    Ashenzari [***...]
Gold:   1543       SH:  0    Dex: 17    Spells: 15/22 levels left

rFire   + . .      SeeInvis +   r - staff of air (curse) {Fort, Self}
rCold   + . .      Faith    .   (no shield)
rNeg    + . .      Spirit   .   a - +1 robe of the Eye in the Sky {Evo, Melee} (curse)
rPois   .          Reflect  .   D - +0 hat of the Bound Harvest Moon {rF+ rC+ Dex+2, Cun, Melee} (curse)
rElec   +          Harm     .   z - scarf of Supernal Gnosis {repulsion, Fort, Cun} (curse)
rCorr   .          Rampage  .   (no gloves)
Will    .....      Clarity  +   (boots unavailable)
Stlth   ++++......              (no amulet)
HPRegen 0.20/turn               g - ring of Ashenzari's Paranoia {rN+, Melee, Cun} (curse)
MPRegen 0.17/turn               L - +6 ring of intelligence

@: flying quickly and evasively, repel missiles, quick
A: beak, talons 3, nimble flight
a: Renounce Religion, Shatter the Chains


You were on level 1 of the Lair of Beasts.
You worshipped Ashenzari.
Ashenzari was most pleased with you.
You visited 3 branches of the dungeon, and saw 13 of its levels.
You also visited: Sewer.

You collected 1543 gold pieces.

Inventory:

Hand Weapons
 j - a +0 dagger of holy wrath
Missiles
 e - a throwing net
 E - 2 boomerangs of dispersal
 F - 2 poisoned darts
Armour
 a - the cursed +1 robe of the Eye in the Sky (worn) {Evo, Melee}

   It has a curse which improves the following skills: Evocations: Evocations.
   Melee Combat: Short Blades, Long Blades, Axes, Maces & Flails, Polearms,
   Staves and Unarmed Combat.
 z - the cursed scarf of Supernal Gnosis (worn) {repulsion, Fort, Cun}
   (You found it on level 8 of the Dungeon)

   It has a curse which improves the following skills: Fortitude: Armour and
   Shields.
   Cunning:   Dodging and Stealth.
 D - the cursed +0 hat of the Bound Harvest Moon (worn) {rF+ rC+ Dex+2, Cun, Melee}
   (You acquired it on level 9 of the Dungeon)

   Dex:       It affects your dexterity (+2).
   rF:        It protects you from fire.
   rC:        It protects you from cold.
   It has a curse which improves the following skills: Cunning: Dodging and
   Stealth.
   Melee Combat: Short Blades, Long Blades, Axes, Maces & Flails, Polearms,
   Staves and Unarmed Combat.
Magical Staves
 r - a cursed staff of air (weapon) {Fort, Self}
 y - a staff of death
 C - a staff of conjuration
Jewellery
 g - the cursed ring of Ashenzari's Paranoia (left hand) {rN+, Melee, Cun}
   (You found it on level 1 of the Dungeon)

   [ring of positive energy]

   rN:        It protects you from negative energy.
   It has a curse which improves the following skills: Melee Combat: Short
   Blades, Long Blades, Axes, Maces & Flails, Polearms, Staves and Unarmed
   Combat.
   Cunning:   Dodging and Stealth.
 A - a ring of see invisible
 L - a +6 ring of intelligence (right hand)
Wands
 t - a wand of mindburst (8)
 G - a wand of digging (12)
Scrolls
 c - 6 scrolls of teleportation
 h - 4 scrolls of fog
 q - 3 scrolls of noise
 v - a scroll of vulnerability
 x - a scroll of enchant weapon
 B - a scroll of torment
 H - a scroll of blinking
 I - 2 scrolls of amnesia
 J - a scroll of magic mapping
 N - a scroll of brand weapon
Potions
 b - 2 potions of magic
 d - 3 potions of lignification
 f - 2 potions of heal wounds
 i - 3 potions of haste
 k - 2 potions of ambrosia
 l - a potion of curing
 m - 4 potions of mutation
 n - 3 potions of cancellation
 o - a potion of might
 p - a potion of attraction
 s - 4 potions of degeneration
 u - a potion of flight
 w - a potion of brilliance
 K - a potion of resistance
 M - a potion of invisibility


   Skills:
 - Level 2.0(3.2) Fighting
 - Level 8.0(11.2) Dodging
 - Level 4.0(6.9) Stealth
 - Level 4.4(6.0) Spellcasting
 - Level 1.3 Conjurations
 + Level 18.1 Air Magic
 - Level 3.6(5.1) Evocations


You had 15 spell levels left.
You knew the following spells:

 Your Spells              Type           Power      Damage    Failure   Level
a - Shock                 Conj/Air       100%       1d9       1%          1
b - Static Discharge      Conj/Air       73%        N/A       1%          2
c - Airstrike             Air            50%        N/A       1%          4

Your spell library contained the following spells:

 Spells                   Type           Power      Damage    Failure   Level
 Swiftness                Air            100%       N/A       0%          3
 Corpse Rot               Necr/Air       100%       N/A       1%          2
 Blink                    Tloc           14%        N/A       11%         2
 Ensorcelled Hibernation  Hex/Ice        14%        N/A       11%         2
 Lesser Beckoning         Tloc           7%         N/A       21%         3
 Spider Form              Tmut/Pois      7%         N/A       21%         3
 Anguish                  Hex/Necr       3%         N/A       56%         4
 Dispel Undead            Necr           7%         3d8       56%         4
 Manifold Assault         Tloc           7%         N/A       88%         5
 Death Channel            Necr           3%         N/A       100%        6


Dungeon Overview and Level Annotations

Branches:
Dungeon (11/15)            Temple (1/1) D:5            Lair (1/6) D:9
  Sewer (visited)
    Orc: D:9-12

Altars:
Ashenzari
Cheibriados
Dithmenos
Elyvilon
Fedhas
Gozag
Hepliaklqana
Kikubaaqudgha
Makhleb
Nemelex Xobeh
Okawaru
Qazlal
Ru
Sif Muna
Trog
Uskayaw
Vehumet
Wu Jian
Xom
Yredelemnul
Zin
The Shining One
Beogh

Annotations:
D:11 Urug


Innate Abilities, Weirdness & Mutations

You have a beak for a mouth.
You have claws for feet.
Your magical nature lets you fly swiftly and evasively.


Message History

You are too injured to fight recklessly!
There are monsters nearby!
You are too injured to fight recklessly!
There are monsters nearby!
Unknown command.
Casting: Shock (safe; 1% risk of failure)
Confirm with . or Enter, or press ? or * to list all spells.
You feel a surge of power!
The black mamba is struck by an arc of lightning!
The black mamba is heavily wounded.
You resist.
You are struck by an arc of lightning.
The black mamba hisses angrily.
The black mamba completely misses you. The black mamba bites you!
Unknown command.
Casting: Static Discharge (safe; 1% risk of failure)
Confirm with . or Enter, or press ? or * to list all spells.
You feel a surge of power!
The black mamba is struck by an arc of lightning!
The black mamba is almost dead.
You resist.
You are struck by an arc of lightning.
The black mamba bites you!
* * * LOW HITPOINT WARNING * * *
You are lethally poisoned!
The black mamba poisons you!
Unknown command.
Casting: Static Discharge (safe; 1% risk of failure)
Confirm with . or Enter, or press ? or * to list all spells.
You feel a surge of power!
The black mamba is struck by an arc of lightning!
You kill the black mamba!
You resist.
You are struck by an arc of lightning.
* * * LOW HITPOINT WARNING * * *
The lightning grounds out.
* * * LOW HITPOINT WARNING * * *
You feel very sick.
Your Air Magic skill increases to level 18!
Unknown command.
Unknown command.
Unknown command.
You feel better. The black mamba bites you!!
You die...

* ###......## **
#......# ,* ,
##.....# , *
####...### ,, , ,
,*#####.##...#
#..⌠.###...# ,
,#.....##...##
,..+..>.⌠......#
* * ,
,........†@S..###
,
,,#..##.⌠.#....#
* , #..
##..#.....# , , ,
..,
..###.#....#** .
* ### #####.... ,
* * *,..... ,, ,
..... , , , * **
* .. , , * ,


You could see a black mamba.

Vanquished Creatures
  A two-headed ogre (D:9)
  Pikel (D:8)
  A manticore (D:10)
  A black mamba (Lair:1)
  Maggie (D:9)
  2 komodo dragons (D:9)
  A troll (D:10)
  A hornet (D:10)
  9 yaks
  A wraith (D:10)
  A wyvern (D:8)
  A steam dragon (D:9)
  2 water moccasins
  An ice beast (D:8)
  6 orc warriors
  3 black bears
  An ogre (D:6)
  A centaur (D:10)
  2 kobold brigands
  3 bullfrogs
  4 scorpions
  2 necrophages
  9 wights
  3 killer bees (D:9)
  2 electric eels (D:10)
  2 howler monkeys
  2 jellies (D:6)
  4 orc priests
  A gnoll shaman (D:6)
  3 iguanas
  10 orc wizards
  10 gnolls
  2 river rats (Sewer)
  13 adders
  3 white imps
  An ufetubus (D:7)
  A worm (D:4)
  4 dart slugs
  47 orcs
  4 endoplasms
  8 giant cockroaches
  A goblin (D:2)
  2 hobgoblins (D:1)
  A quokka (D:1)
  10 ball pythons
  4 bats
  7 frilled lizards
  17 kobolds
  9 rats
226 creatures vanquished.

Vanquished Creatures (others)
  A human (D:8)
  15 fungi (D:9)
  9 plants (D:9)
25 creatures vanquished.

Grand Total: 251 creatures vanquished

Notes
Turn   | Place    | Note
-------+----------+-------------------------------------------
     0 | D:1      | quinnr the Tengu Air Elementalist began the quest for the
                  | Orb.
     0 | D:1      | Reached XP level 1. HP: 10/10 MP: 4/4
   276 | D:1      | Found a faded altar of an unknown god.
   329 | D:1      | Reached XP level 2. HP: 15/15 MP: 3/6
   658 | D:1      | Reached skill level 5 in Air Magic
  1357 | D:2      | Reached XP level 3. HP: 17/19 MP: 0/7
  2191 | D:3      | Reached skill level 6 in Air Magic
  2345 | D:3      | Noticed a steam dragon
  2477 | D:4      | Learned a level 2 spell: Static Discharge
  2972 | D:4      | Found a shadowy altar of Dithmenos.
  3061 | D:4      | Reached XP level 4. HP: 24/24 MP: 3/8
  3465 | D:5      | Entered Level 5 of the Dungeon
  3487 | D:5      | Noticed a scorpion
  3721 | D:3      | Learned a level 4 spell: Airstrike
  3779 | D:3      | Noticed an ice beast
  4173 | D:5      | Reached skill level 7 in Air Magic
  4320 | D:5      | Gained mutation: Your magical nature lets you fly swiftly
                  | and evasively. [Tengu growth]
  4320 | D:5      | Reached XP level 5. HP: 28/28 MP: 5/9
  4493 | D:5      | Found a staircase to the Ecumenical Temple.
  4587 | Temple   | Entered the Ecumenical Temple
  4644 | Temple   | Became a worshipper of Ashenzari the Shackled
  5066 | D:5      | Reached skill level 8 in Air Magic
  5066 | D:5      | Reached XP level 6. HP: 32/32 MP: 2/10
  5227 | D:5      | Reached skill level 9 in Air Magic
  5913 | D:6      | Reached skill level 10 in Air Magic
  5919 | D:6      | Reached XP level 7. HP: 35/36 MP: 1/11
  5980 | D:6      | quinnr: ??sound
  5980 | D:6      | beem: sound[1/5]:
                  | http://www.youtube.com/watch?v=2Jkorg2xnYI
  5980 | D:6      | quinnr: ??portal
  5980 | D:6      | beem: portal[1/1]: You may be looking for {portal vault} or
                  | {portal card}. Also used to be a spell that teleported you
                  | across levels in the main Dungeon.
  5980 | D:6      | quinnr: ??portal vault
  5980 | D:6      | beem: portal vault[1/3]: A vault on its own separate
                  | map/maps, entered through a portal (same symbol as e.g. the
                  | Hell entrance). Portal vaults include gauntlets, bazaars,
                  | treasure troves, ziggurats, sewers, ossuaries, baileys, ice
                  | caves, volcanoes, and wizlabs. Each vault type has its own
                  | entry in the learndb; see it for details.
  5980 | D:6      | quinnr: ??portal vault[2
  5980 | D:6      | beem: portal distance[1/1]: Portal distance by adjective:
                  | very distant, >30; distant, >15; nearby, >7.
  5980 | D:6      | quinnr: ??portal vault[3
  5980 | D:6      | beem: portal vault[3/3]: Words indicating the time left
                  | until the portal closes, from most to least: slow, no
                  | adjective, brisk, quick, rapid
  6140 | D:6      | Reached skill level 11 in Air Magic
  6205 | D:6      | Found a glowing drain.
  6216 | Sewer    | Entered a sewer
  7258 | D:6      | Reached skill level 12 in Air Magic
  7258 | D:6      | Reached XP level 8. HP: 41/41 MP: 0/12
  8527 | D:7      | Reached skill level 13 in Air Magic
  9036 | D:7      | Reached XP level 9. HP: 45/45 MP: 9/13
  9254 | D:8      | Reached skill level 5 in Dodging
  9403 | D:8      | Found a runed translucent door.
  9528 | D:8      | Reached skill level 14 in Air Magic
 10255 | D:8      | Reached skill level 1 in Evocations
 10493 | D:8      | Reached XP level 10. HP: 50/50 MP: 7/14
 10604 | D:8      | Noticed a catoblepas
 10946 | D:8      | Reached skill level 15 in Air Magic
 10959 | D:8      | Reached * piety under Ashenzari
 11163 | D:8      | Found an ancient bone altar of Kikubaaqudgha.
 12644 | D:8      | Identified a scroll of acquirement
 12837 | D:9      | Noticed a two-headed ogre
 12840 | D:9      | Killed a two-headed ogre
 13096 | D:9      | Noticed Pikel
 13110 | D:8      | Killed Pikel
 13111 | D:8      | Reached skill level 1 in Fighting
 13111 | D:8      | Reached skill level 16 in Air Magic
 14303 | D:9      | Noticed Maggie
 14307 | D:9      | Killed Maggie
 14573 | D:9      | Reached ** piety under Ashenzari
 14689 | D:9      | Found a staircase to the Lair.
 14860 | D:10     | Entered Level 10 of the Dungeon
 14868 | D:9      | Acquired 737 gold pieces
 14869 | D:9      | Acquired the +0 hat of Ishronybro {rF+ rC+ Dex+2}
 14893 | D:10     | Reached XP level 11. HP: 60/60 MP: 14/20
 14941 | D:10     | Reached skill level 17 in Air Magic
 15504 | D:10     | Reached *** piety under Ashenzari
 16069 | D:10     | Noticed a manticore
 16073 | D:10     | Killed a manticore
 16431 | D:11     | Noticed Urug
 16490 | Lair:1   | Entered Level 1 of the Lair of Beasts
 16521 | Lair:1   | HP: 1/60 [poisoned by a black mamba]
 16522 | Lair:1   | Reached skill level 18 in Air Magic
 16522 | Lair:1   | Mangled by a black mamba

Illustrated notes

Levels and vault maps discovered:
D:1:      scummos_arrival_forest, layout_loops_ring,
          shapermc_ecumenical_altar_ellora
D:2:      layout_basic, minmay_worlds_worst_comb
D:3:      layout_rooms, serial_corexii_hall, corexii_hall_statues_x,
          corexii_hall_statues_deadend, corexii_hall_statues_deadend,
          ebering_ghost_sewer_d
D:4:      layout_basic, amcnicky_altar_gilded
D:5:      layout_basic, minmay_temple_entry_drinking_statues,
          chequers_serial_rivers_micro_e, minmay_misc_feat_chi
D:6:      layout_cave_pools, portal_sewer_entry_b, lightli_orcish_oven
D:7:      layout_basic
D:8:      layout_gridville, tgw_kikubaaqudgha, lightli_church_of_beogh
D:9:      layout_irregular_city, grunt_lair_entry_orc_guard_hut,
          minmay_fountain_box, uniq_maggie, uniq_pikel
D:10:     layout_basic
D:11:     layout_irregular_city, serial_shops, shop_statue, uniq_urug
Temple:   mainiacjoe_temple_big_plus
Lair:1:   layout_cave_pods, beast_lair_carwin_3, grunt_megastairs_2

Skill      XL: |  1  2  3  4  5  6  7  8  9 10 11 |
---------------+----------------------------------+-----
Air Magic      | 5 6 7 8 10 12 13 14 16 18 | 18.1
Dodging        | 4 7 8 |  8.0
Stealth        | 4 |  4.0
Evocations     | 1 3 |  3.6
Fighting       | 2 |  2.0
Spellcasting   | 4 |  4.4
Conjurations   | |  1.3

Action                   |  1- 3 |  4- 6 |  7- 9 | 10-12 || total
-------------------------+-------+-------+-------+-------++-------
Melee: Unarmed           |     4 |       |       |       ||     4
       Kick              |     2 |       |     6 |       ||     8
       Staff             |       |       |    13 |     8 ||    21
       Peck              |       |       |     3 |     1 ||     4
 Cast: Shock             |    89 |    78 |   170 |   151 ||   488
       Static Discharge  |       |     7 |    18 |    12 ||    37
       Airstrike         |       |     2 |    12 |    61 ||    75
Invok: Curse Item        |       |       |     1 |     4 ||     5
Evoke: Wand              |       |       |       |     4 ||     4
  Use: Scroll            |       |     8 |     4 |     2 ||    14
       Potion            |       |       |       |     1 ||     1
Armor: Robe              |     5 |     3 |     5 |       ||    13
Dodge: Dodged            |     8 |    21 |    44 |    30 ||   103
       Repelled          |       |       |       |     2 ||     2

Table legend: (Time is in decaauts)
 A = Elapsed time spent in this place.
 B = Non-inter-level travel time spent in this place.
 C = Inter-level travel time spent in this place.
 D = Time resting spent in this place.
 E = Time spent auto-exploring this place.
 F = Levels seen in this place.
 G = Mean time per level.
                   A        B        C        D        E       F      G
               +--------+--------+--------+--------+--------+-----+--------+
         Total |  15978 |  15418 |    560 |   3226 |  10197 |  14 | 1141.3 |
       Dungeon |  14877 |  14342 |    535 |   3127 |   9349 |  11 | 1352.5 |
        Temple |    383 |    359 |     24 |      0 |    342 |   1 |  383.0 |
          Lair |     29 |     29 |      0 |      0 |     15 |   1 |   29.0 |
         Sewer |    687 |    687 |      0 |     98 |    490 |   1 |  687.0 |
               +--------+--------+--------+--------+--------+-----+--------+

Top non-repeatable levels by time:
     D:8: 3110 daAuts
     D:7: 2067 daAuts
     D:9: 1886 daAuts
    D:10: 1400 daAuts
     D:4: 1340 daAuts
     D:5: 1234 daAuts
     D:1: 1162 daAuts
     D:6: 1116 daAuts
     D:2: 1001 daAuts
   Sewer: 687 daAuts
     D:3: 548 daAuts
  Temple: 383 daAuts
  Lair:1: 29 daAuts
    D:11: 8 daAuts
